 Dungeon Crawl Stone Soup version 0.30-b1-2-g02819fbbbe (webtiles) character file.

Game seed: 9197407032987962218

6069 Borgoz the Basher (level 10, -6/65 HPs)
             Began as a Gargoyle Berserker on June 19, 2023.
             Was a Priest of Trog.
             Mangled by a red devil
             ... wielding a +2 demon trident of venom
             ... summoned by a kobold demonologist
              (10 damage)
             ... on level 8 of the Dungeon on June 22, 2023.
             The game lasted 00:16:04 (6774 turns).

Borgoz the Basher (Gargoyle Berserker)              Turns: 6774, Time: 00:16:05

Health: -6/65      AC: 19    Str: 22    XL:     10   Next: 87%
Magic:  10/10      EV: 13    Int:  7    God:    Trog [***...]
Gold:   273        SH:  5    Dex: 13    Spells: 9/9 levels left

rFire   + . .        b - +3 dire flail
rCold   . . .        (shield currently unavailable)
rNeg    + . .        s - +0 ring mail {rF+}
rPois   ∞            (no helmet)
rElec   +            (no cloak)
rCorr   .            g - +0 pair of gloves
SInv    .            (no boots)
Will    ++...        k - amulet of reflection
Stlth   +            n - ring of flight
HPRegen 1.30/turn    m - +4 ring of protection
MPRegen 0.12/turn

%: reflection
@: mighty, strong-willed, spiked, on berserk cooldown, flying, regenerating,
slowed, very slow
A: sickness immunity, AC +7, negative energy resistance 1, electricity
resistance, torment resistance 1, petrification resistance
a: Renounce Religion, Berserk, Trog's Hand


You were on level 8 of the Dungeon.
You worshipped Trog.
Trog was most pleased with you.
You visited 2 branches of the dungeon, and saw 9 of its levels.

You collected 422 gold pieces.
You spent 149 gold pieces at shops.

Inventory:

Hand Weapons
 a - a +0 whip of electrocution
 b - a +3 dire flail (weapon)
Missiles
 d - 11 boomerangs
 t - 19 poisoned darts (quivered)
Armour
 g - a +0 pair of gloves (worn)
 o - a +0 leather armour of willpower
 s - a +0 ring mail of fire resistance (worn)
Jewellery
 k - an amulet of reflection (around neck)
 m - a +4 ring of protection (right hand)
 n - a ring of flight (left hand)
Wands
 e - a wand of charming (35)
 q - a wand of polymorph (5)
Scrolls
 c - a scroll of enchant weapon {unknown}
 h - 2 scrolls of immolation {unknown}
 i - 2 scrolls of fog {unknown}
 p - a scroll of magic mapping
 w - a scroll of brand weapon {unknown}
 y - a scroll of blinking
 B - a scroll of poison {unknown}
Potions
 f - 4 potions of mutation
 j - 3 potions of heal wounds
 r - a potion of berserk rage
 u - a potion of haste
 v - a potion of ambrosia {unknown}
 x - a potion of attraction
 z - 2 potions of curing
 A - a potion of cancellation


   Skills:
 + Level 8.5 Fighting
 * Level 10.7 Maces & Flails
 + Level 8.1 Armour
 + Level 6.2 Dodging


You had 9 spell levels left.
You didn't know any spells.
Your spell library was empty.

Dungeon Overview and Level Annotations

Branches:
Dungeon (8/15)             Temple (1/1) D:6
   Lair: D:8-11

Altars:
Ashenzari
Cheibriados
Dithmenos
Elyvilon
Gozag
Kikubaaqudgha
Makhleb
Nemelex Xobeh
Qazlal
Uskayaw
Vehumet
Wu Jian
Xom
Yredelemnul
Zin
The Shining One

Shops:
D:7 !=[:?


Innate Abilities, Weirdness & Mutations

You are immune to sickness and miasma.
Your stone body is resilient. (AC +7)
You are immune to poison.
You resist negative energy. (rN+)
You are resistant to electric shocks. (rElec)
You are resistant to unholy torment.
You are immune to petrification.


Message History

There is a large open translucent door, spattered with blood here.
The kobold brigand throws a poisoned dart.
The poisoned dart hits you.
Things that are here:
a +1 short sword of chaos; 3 curare-tipped darts; a kobold corpse You reach down and close the large door.
A kobold brigand opens the large door.
As you close the large door, it creaks loudly!
A kobold brigand opens the large door.
You closely miss the kobold brigand.
The kobold brigand is heavily wounded.
The kobold brigand hits you but does no damage.
You bludgeon the kobold brigand!!
You kill the kobold brigand!
Trog accepts your kill.
t - 19 poisoned darts (gained 5)
There is a large open translucent door, spattered with blood here.
You see here a +1 dagger of chaos.
Okay, then.
Your skin crawls.
You feel strong-willed.
You're still recovering from your berserk rage.
You miss the kobold demonologist.
The kobold demonologist mumbles some strange words.
You closely miss the kobold demonologist.
The kobold demonologist hits you but does no damage.
The red devil hits you with a +2 demon trident of venom!
* * * LOW HITPOINT WARNING * * *
Barbed spikes become lodged in your body.
You puncture the kobold demonologist!
The kobold demonologist is moderately wounded.
The kobold demonologist hits you with the +7 dagger "Vehon" {chaos, *Slow +Blink MP-9 Str+9}.
* * * LOW HITPOINT WARNING * * *
The red devil hits you but does no damage.
You sock the kobold demonologist!
The kobold demonologist is heavily wounded.
The kobold demonologist hits you with the +7 dagger "Vehon" {chaos, *Slow +Blink MP-9 Str+9}.
* * * LOW HITPOINT WARNING * * *
The red devil hits you with a +2 demon trident of venom!
You die...

....#.........##§§§##............
....#.........###§####...........
....#........##.#§##.###...#.....
....#......###.§....§.##..##.....
..........## ##§§§§§..###........
...#..##...###..§.§§...#.........
..###..#..##.### #K.# ##.........
..##......#....###..###..........
#...............@#)'#.......)....
....#.......#..4.K)....#....)...#
...##.......##.............[))...
.............>...#..........†)...
.................##..............
#.................#......###.....
#....##...................####...
##...###.........................
#....###......##.................


You could see a kobold demonologist and a red devil (summoned).

Vanquished Creatures
  Pikel (D:4)
  An ugly thing (D:8)
  Psyche (D:8)
  4 slime creatures
  Grum (D:8)
  4 yaks (D:7)
  Eustachio (D:6)
  A steam dragon (D:6)
  Menkaure (D:5)
  A water moccasin (D:7)
  A sky beast (D:7)
  An ice beast (D:6)
  5 black bears
  An ogre (D:4)
  4 wolves (D:8)
  4 centaurs
  4 kobold brigands (D:8)
  2 bullfrogs
  2 gnoll sergeants
  2 scorpions
  4 wights (D:7)
  4 killer bees (D:7)
  A jelly (D:6)
  2 hounds
  2 orc priests
  A gnoll bouda (D:7)
  Jessica (D:3)
  Terence (D:3)
  2 iguanas
  5 orc wizards
  A mummy (D:6)
  10 gnolls
  4 adders
  4 dart slugs
  24 orcs
  7 bats
  7 endoplasms
  5 giant cockroaches
  6 goblins
  5 hobgoblins
  5 jackals
  10 kobolds
  4 quokkas
  3 ball pythons
  3 frilled lizards
  23 rats
186 creatures vanquished.

Vanquished Creatures (others)
  A black bear (D:8)
1 creature vanquished.

Grand Total: 187 creatures vanquished

Notes
Turn   | Place    | Note
-------+----------+-------------------------------------------
     0 | D:1      | Borgoz the Gargoyle Berserker began the quest for the Orb.
     0 | D:1      | Reached XP level 1. HP: 14/14 MP: 1/1
   155 | D:1      | Reached XP level 2. HP: 19/19 MP: 2/2
   179 | D:1      | Found a faded altar of an unknown god.
   741 | D:2      | Reached XP level 3. HP: 20/23 MP: 3/3
   873 | D:2      | Reached ** piety under Trog
  1213 | D:3      | Noticed Jessica
  1220 | D:3      | Killed Jessica
  1221 | D:3      | Reached skill level 4 in Maces & Flails
  1221 | D:3      | Reached XP level 4. HP: 29/29 MP: 4/4
  1458 | D:3      | Reached XP level 5. HP: 33/33 MP: 5/5
  1639 | D:3      | Noticed Terence
  1640 | D:3      | You are sucked into a shaft and drop 1 floor!
  1703 | D:4      | Noticed Pikel
  1704 | D:4      | Noticed a lemure
  1704 | D:4      | Noticed a lemure
  1704 | D:4      | Noticed a lemure
  1704 | D:4      | Noticed a lemure
  1745 | D:4      | Killed Pikel
  1746 | D:4      | Reached skill level 5 in Maces & Flails
  1746 | D:4      | Reached XP level 6. HP: 26/40 MP: 6/6
  1746 | D:4      | Reached XP level 7. HP: 29/44 MP: 7/7
  1897 | D:4      | Reached skill level 5 in Fighting
  1999 | D:4      | Reached skill level 6 in Maces & Flails
  2225 | D:3      | Killed Terence
  2631 | D:4      | Reached *** piety under Trog
  2891 | D:5      | Entered Level 5 of the Dungeon
  2899 | D:5      | Noticed Menkaure
  2909 | D:5      | Killed Menkaure
  2910 | D:5      | Reached XP level 8. HP: 50/50 MP: 8/8
  3023 | D:5      | Reached skill level 5 in Armour
  3137 | D:5      | Identified the +0 scale mail of Poypn {Int+5}
  3379 | D:5      | Reached skill level 7 in Maces & Flails
  3841 | D:6      | Found a staircase to the Ecumenical Temple.
  3858 | Temple   | Entered the Ecumenical Temple
  4144 | D:6      | Reached XP level 9. HP: 56/56 MP: 9/9
  4155 | D:6      | Found a snail-covered altar of Cheibriados.
  4231 | D:6      | Noticed Eustachio
  4256 | D:6      | Killed Eustachio
  4257 | D:6      | Reached skill level 8 in Maces & Flails
  4338 | D:6      | Identified the +6 spear "Kur Juuss" {flame, rN+ Str+2
                  | Int-2}
  5062 | D:7      | Found Fieroqe's Armour Emporium.
  5271 | D:7      | Found Xeoboz's Jewellery Boutique.
  5289 | D:7      | Reached skill level 5 in Dodging
  5359 | D:7      | Reached skill level 9 in Maces & Flails
  5406 | D:7      | Found Puok's Book Shoppe.
  5441 | D:7      | Reached XP level 10. HP: 31/63 MP: 10/10
  5617 | D:7      | Found Jeumum's Magic Scroll Shoppe.
  5626 | D:7      | Bought a scroll of identify for 26 gold pieces
  5626 | D:7      | Bought a scroll of identify for 26 gold pieces
  5628 | D:7      | Bought a scroll of blinking for 97 gold pieces
  5652 | D:7      | Found Waos Wel's Distillery.
  6064 | D:8      | Noticed Psyche
  6073 | D:8      | Killed Psyche
  6111 | D:8      | Noticed Grum
  6147 | D:8      | Killed Grum
  6148 | D:8      | Reached skill level 10 in Maces & Flails
  6541 | D:8      | Found a large runed translucent door.
  6542 | D:8      | Found a large runed translucent door.
  6679 | D:8      | Identified the +7 dagger "Vehon" {chaos, *Slow +Blink MP-9
                  | Str+9}
  6679 | D:8      | Identified the +0 robe "Gifotsoof" {rC++ rN++ Stlth-}
  6679 | D:8      | Noticed a kobold demonologist
  6733 | D:8      | Found a shimmering altar of Xom.
  6734 | D:8      | Noticed a white ugly thing
  6746 | D:8      | Killed a white ugly thing
  6774 | D:8      | Mangled by a red devil

Illustrated notes

Levels and vault maps discovered:
D:1:      evilmike_arrival_hilbert_curve, layout_rooms,
          nicolae_ecumenical_lake_church
D:2:      layout_basic
D:3:      layout_basic, minmay_misc_feat_plants, minmay_rat_hole, uniq_terence,
          uniq_jessica
D:4:      layout_cave_pools, uniq_pikel
D:5:      layout_basic, uniq_menkaure
D:6:      layout_cave_pools, slow_altar_1, minmay_temple_entry_junction,
          minmay_misc_feat_encased, uniq_eustachio
D:7:      layout_rooms, serial_shops, nicolae_shop_tiny_glass, shop, shop, shop,
          shop, roderic_lattice_a
D:8:      due_chaos_kobolds, layout_cave_pools, uniq_psyche, uniq_grum
Temple:   eino_wide_crystal_templ

Skill      XL: |  1  2  3  4  5  6  7  8  9 10 |
---------------+-------------------------------+-----
Dodging        | 2 3 4 5 6 |  6.2
Maces & Flails | 4 5 6 7 9 10 | 10.7
Armour         | 3 4 5 7 8 |  8.1
Fighting       | 4 5 6 7 8 |  8.5

Action                     |  1- 3 |  4- 6 |  7- 9 | 10-12 || total
---------------------------+-------+-------+-------+-------++-------
  Melee: Mace              |    99 |    34 |       |       ||   133
         Punch             |     2 |     1 |     3 |     1 ||     7
         Flail             |       |    79 |       |       ||    79
         Whip              |       |       |   375 |   162 ||   537
         Dire flail        |       |       |    16 |    50 ||    66
  Throw: Boomerang         |       |       |     2 |     3 ||     5
 Invoke: Berserk           |     1 |     1 |     7 |     4 ||    13
         Trog's Hand       |       |     2 |     2 |     5 ||     9
    Use: Scroll            |     3 |     1 |     5 |     4 ||    13
         Potion            |       |       |       |     1 ||     1
   Stab: Sleeping          |       |     1 |       |       ||     1
 Armour: Animal skin       |    32 |    25 |    10 |       ||    67
         Skin              |       |    17 |       |       ||    17
         Ring mail         |       |       |   161 |   107 ||   268
  Dodge: Dodged            |    60 |    49 |   175 |   121 ||   405
  Block: Other             |     5 |    25 |    83 |    52 ||   165
         Reflection        |     1 |     1 |     5 |     7 ||    14
